 Dungeon Crawl Stone Soup version 0.26.0-16-gc1dbca0489 (webtiles) character file.

Game seed: 763053710020511086

329 kaeus the Sneak (level 6, -6/36 HPs)
             Began as an Octopode Hedge Wizard on Jan 22, 2021.
             Was a Believer of Qazlal.
             Mangled by an ogre
             ... wielding a +0 giant club
              (18 damage)
             ... on level 5 of the Dungeon.
             The game lasted 00:04:52 (4780 turns).

kaeus the Sneak (Octopode Hedge Wizard)             Turns: 4780, Time: 00:04:53

Health: -6/36      AC:  1    Str:  9    XL:     6   Next: 51%
Magic:  0/11       EV: 11    Int: 18    God:    Qazlal [**....]
Gold:   155        SH: 10    Dex: 12    Spells: 8/12 levels left

rFire    . . .     SeeInvis .   p - +2 short sword (speed)
rCold    . . .     Faith    .   i - +0 kite shield
rNeg     . . .     Spirit   +   b - +0 hat
rPois    .         Reflect  .   a - amulet of guardian spirit
rElec    .         Harm     .   (no ring)
rCorr    .         Rampage  .   (no ring)
Will     .....                  (no ring)
Stlth    +++.......             (no ring)
HPRegen  0.12/turn              (no ring)
MPRegen  0.12/turn              (no ring)
                                (no ring)
                                (no ring)

@: no status effects
A: almost no armour, stealthy swim, amphibious, 8 rings, constrict 8, camouflage
1, gelatinous body 1
a: Renounce Religion, Upheaval


You were on level 5 of the Dungeon.
You worshipped Qazlal.
Qazlal was pleased with you.
You visited 1 branch of the dungeon, and saw 5 of its levels.

You collected 155 gold pieces.

Inventory:

Hand Weapons
 p - a +2 short sword of speed (weapon)
Armour
 b - a +0 hat (worn)
 i - a +0 kite shield (worn)
Jewellery
 a - an amulet of guardian spirit (around mantle)
Scrolls
 c - a scroll of fog {unknown}
 e - 3 scrolls of remove curse {unknown}
 m - 2 scrolls of amnesia {unknown}
 o - 3 scrolls of identify {unknown}
 q - a scroll of immolation {unknown}
Potions
 d - 2 potions of curing {unknown}
 f - a potion of flight {unknown}
 g - a potion of attraction {unknown}
 h - 2 potions of heal wounds {unknown}
 j - a potion of degeneration {unknown}
 k - a potion of might {unknown}
 l - 3 potions of lignification {unknown}
 n - a potion of berserk rage {unknown}


   Skills:
 - Level 3.0 Dodging
 + Level 4.2 Stealth
 - Level 2.3 Shields
 + Level 3.5 Spellcasting
 + Level 2.4 Conjurations
 - Level 1.4 Summonings
 - Level 1.6 Translocations
 + Level 1.6 Air Magic
 + Level 1.9 Poison Magic


You had 8 spell levels left.
You knew the following spells:

 Your Spells              Type           Power        Failure   Level
a - Magic Dart            Conj           48%          28%         1
b - Mephitic Cloud        Conj/Pois/Air  10%          71%         3

Your spell library contained the following spells:

 Spells                   Type           Power        Failure   Level
 Blink                    Tloc           N/A          52%         2
 Call Imp                 Summ           8%           54%         2
 Slow                     Hex            3%           77%         2
 Conjure Flame            Conj/Fire      7%           82%         3


Dungeon Overview and Level Annotations

Branches:
Dungeon (5/15)
 Temple: D:4-7

Altars:
Qazlal

Annotations:
D:3 2 transporters, vvl's ghost, amateur DrFi
D:4 Edmund


Innate Abilities, Weirdness & Mutations

You cannot wear most types of armour.
You are very stealthy in the water. (Stealth+)
You are amphibious.
You can wear up to eight rings at the same time.
You can use your tentacles to constrict eight enemies at once.
Your skin changes colour to match your surroundings (Stealth+).
Your rubbery body absorbs attacks. (AC +1, EV +1)


Message History

You hit the ogre.
The ogre is moderately wounded.
Your magical contamination has completely faded away.
You hit the ogre.
The ogre is heavily wounded.
You block the ogre's attack.
You hit the ogre.
The ogre is severely wounded.
The ogre hits you with a +0 giant club!
You take 17 damage, and have 12/36 hp.
MASSIVE DAMAGE!!
You are too injured to fight recklessly!
You are too injured to fight recklessly!
You are too injured to fight recklessly!
You hit the ogre.
The ogre is almost dead.
You hit the ogre.
The ogre is almost dead.
The ogre hits you with a +0 giant club!!
Ouch! That really hurt!
You die...

..... .....###
........ ..
.......#
....#####.....
......O.#...
###@#.#####
#>........#
#.........#
#...)..[..#
#.........#
#...).....##
#...)......#
#..<.......#
#............


You could see an ogre.

Vanquished Creatures
  An ogre (D:4)
  A hound (D:4)
  A jelly (D:4)
  A worker ant zombie (D:3)
  6 adders
  7 worms
  5 dart slugs
  5 leopard geckos
  8 orcs
  4 giant cockroaches
  11 goblins
  5 hobgoblins
  2 quokkas
  7 bats
  5 frilled lizards
  8 kobolds
  5 rats
82 creatures vanquished.

Notes
Turn   | Place    | Note
-------+----------+-------------------------------------------
     0 | D:1      | kaeus the Octopode Hedge Wizard began the quest for the
                  | Orb.
     0 | D:1      | Reached XP level 1. HP: 11/11 MP: 4/4
   220 | D:1      | Reached XP level 2. HP: 17/17 MP: 3/6
   264 | D:1      | Reached skill level 3 in Stealth
   706 | D:1      | Reached XP level 3. HP: 21/21 MP: 4/7
  1495 | D:2      | Found a stormy altar of Qazlal.
  1500 | D:2      | Learned a level 3 spell: Mephitic Cloud
  1501 | D:2      | Noticed a fire elemental
  1502 | D:2      | Noticed a water elemental
  1502 | D:2      | Noticed an air elemental
  1502 | D:2      | Noticed an earth elemental
  1513 | D:2      | Became a worshipper of Qazlal Stormbringer
  1800 | D:2      | Reached XP level 4. HP: 23/27 MP: 2/8
  2793 | D:3      | Noticed a phantom
  2798 | D:3      | Noticed vvl's ghost (amateur DrFi)
  2802 | D:3      | Found a transporter.
  2814 | D:3      | Reached skill level 1 in Shields
  2823 | D:3      | Reached * piety under Qazlal
  3112 | D:3      | Reached skill level 1 in Poison Magic
  3171 | D:3      | Reached XP level 5. HP: 31/31 MP: 7/9
  4054 | D:3      | Found a transporter.
  4186 | D:4      | Reached skill level 1 in Air Magic
  4401 | D:4      | Reached XP level 6. HP: 34/36 MP: 0/11
  4494 | D:4      | Reached skill level 4 in Stealth
  4710 | D:4      | Noticed Edmund
  4716 | D:5      | Entered Level 5 of the Dungeon
  4757 | D:5      | Reached ** piety under Qazlal
  4780 | D:5      | Mangled by an ogre

Illustrated notes

Levels and vault maps discovered:
D:1:      nicolae_arrival_memento_mori, layout_basic, minmay_close_crescents
D:2:      layout_loops_ring, nicolae_qazlal_style_of_elements
D:3:      layout_rooms, cheibrodos_sewer_entry_bend, gammafunk_ghost_arena
D:4:      layout_basic, chequers_decorated_corner, uniq_sigmund, uniq_edmund
D:5:      layout_rooms

Skill      XL: |  1  2  3  4  5  6 |
---------------+-------------------+-----
Stealth        | 3 4 |  4.2
Shields        | 1 2 |  2.3
Poison Magic   | 1 |  1.9
Conjurations   | 2 |  2.4
Air Magic      | 1 |  1.6
Dodging        | 3 |  3.0
Spellcasting   | |  3.5
Summonings     | |  1.4
Translocations | |  1.6

Action                   |  1- 3 |  4- 6 || total
-------------------------+-------+-------++-------
Melee: Dagger            |    38 |    62 ||   100
       Constrict         |    11 |    23 ||    34
       Tentacles         |     5 |     9 ||    14
       Short sword       |       |    36 ||    36
 Cast: Magic Dart        |    57 |   117 ||   174
 Stab: Sleeping          |     1 |     2 ||     3
Armor: Skin              |     3 |     1 ||     4
Dodge: Dodged            |    17 |    31 ||    48
Block: Kite shield       |     4 |    22 ||    26
